 Dungeon Crawl Stone Soup version 0.29.1-13-g9f3cf754e1 (webtiles) character file.

Game seed: 14939856688079758523

66 Priul the Conjurer (level 3, -42/19 HPs)
             Began as a Deep Elf Conjurer on Feb 3, 2023.
             Killed by an exploding quokka (48 damage)
             ... ignited by their inner flame
             ... on level 2 of the Dungeon.
             The game lasted 00:13:42 (1310 turns).

Priul the Conjurer (Deep Elf Conjurer)              Turns: 1310, Time: 00:13:42

Health: -42/19     AC:  2    Str:  1 (4)  XL:     3   Next: 96%
Magic:  0/10       EV: 12    Int: 23 (24) God:
Gold:   79         SH:  0    Dex: 10 (13) Spells: 6/9 levels left

rFire   . . .      SeeInvis .   (no weapon)
rCold   . . .      Faith    .   (no shield)
rNeg    + . .      Spirit   .   a - +0 robe
rPois   .          Reflect  .   (no helmet)
rElec   .          Harm     .   (no cloak)
rCorr   .          Rampage  .   (no gloves)
Will    .....                   (no boots)
Stlth   ++........              (no amulet)
HPRegen 0.06/turn               i - ring of positive energy
MPRegen 0.12/turn               (no ring)

@: lethally poisoned (-42 -> -44)
A: no striking features
a: no special abilities


You were on level 2 of the Dungeon.
You visited 1 branch of the dungeon, and saw 2 of its levels.

You collected 79 gold pieces.

Inventory:

Missiles
 d - 20 stones (quivered)
Armour
 a - a +0 robe (worn)
Jewellery
 i - a ring of positive energy (left hand)
Scrolls
 m - a scroll of enchant armour {unknown}
 n - a scroll of amnesia {unknown}
Potions
 b - a potion of magic
 f - a potion of might {unknown}
 j - a potion of brilliance {unknown}
 k - a potion of berserk rage {unknown}


   Skills:
 + Level 2.6 Dodging
 + Level 2.7 Stealth
 + Level 3.6 Spellcasting
 + Level 5.7 Conjurations


You had 6 spell levels left.
You knew the following spells:

 Your Spells              Type           Power      Damage    Failure   Level
a - Magic Dart            Conj           100%       1d8       1%          1
b - Searing Ray           Conj           60%        2d6       1%          2

Your spell library contained the following spells:

 Spells                   Type           Power      Damage    Failure   Level
 Dazzling Flash           Conj/Hex       34%        N/A       10%         3
 Sting                    Tmut/Pois      16%        1d3       11%         1
 Mephitic Cloud           Conj/Pois/Air  12%        N/A       16%         3
 Call Imp                 Summ           4%         N/A       17%         2
 Poisonous Vapours        Pois/Air       8%         N/A       17%         2
 Tukima's Dance           Hex            4%         N/A       32%         3
 Fulminant Prism          Conj/Hex       8%         3d7       32%         4
 Iskenderun's Mystic Bla  Conj/Tloc      17%        2d5       32%         4
 Olgreb's Toxic Radiance  Pois           4%         N/A       73%         4
 Passage of Golubria      Tloc           4%         N/A       73%         4
 Yara's Violent Unravell  Hex/Tmut       2%         3d3       97%         5


Dungeon Overview and Level Annotations

Branches:
Dungeon (2/15)

Altars:


Message History

The quokka barely misses you. The goblin misses you. The quokka misses you.
As you read the scroll labelled OROLLA KUGGUE, it crumbles to dust.
You feel strangely unstable.
It was a scroll of teleportation.
The goblin hits you with a +0 club. The quokka closely misses you.
The quokka attacks as you move away! The quokka barely misses you.
Found a stone staircase leading up.
The quokka attacks as you move away!
The quokka bites you but does no damage.
Your surroundings suddenly seem different.
The goblin throws a poisoned dart.
The poisoned dart barely misses you.
A frilled lizard comes into view.
Found an escape hatch in the ceiling.
The goblin throws a poisoned dart.
The poisoned dart hits you!
You are poisoned.
A rat comes into view.
You feel very sick.
You feel sick.
You feel sick.
The goblin throws a poisoned dart.
The poisoned dart barely misses you.
It was a potion of degeneration.
There was something very wrong with that liquid.
You feel weakened.
You feel dopey.
You feel clumsy.
You feel sick.
As you read the scroll labelled NEAD QUD RIS, it crumbles to dust.
The creatures around you are filled with an inner flame!
It was a scroll of immolation.
You feel sick.
An adder comes into view.
You feel sick.
You feel sick.
Casting: Magic Dart (safe; 1% risk of failure)
Confirm with . or Enter, or press ? or * to list all spells.
Aiming: Searing Ray (safe; 1% risk of failure)
Press: ? - help, Shift-Dir - straight line, f/p - goblin
Aim: a goblin, wielding a +0 club and quivering poisoned darts (heavily wounded, inner flame, 74% to hit)
The searing ray hits the quokka!
The searing ray hits the goblin! (Press . to maintain the ray.)
The goblin explodes!
The quokka explodes!
The fiery explosion engulfs you!!!
Ouch! That really hurt!
You die...

#?$..r#)$$.##r.....#*,...,,** *
##,,*#.#####..#...###..#.*** *
.#+###†#.................* *
....##.##†##.##...##.#.#,* *
†.#.#...'.†..###.##....#,* *
#...##.##.##.###§#..r..#,******
*
###..###..##...§§§......,,,,,,*
*
##.....#######§#....l#*****,***
##.#### #@#.....# *,,,, #####.#
#.#,#.#.#* ***** ...##.#******
#..S.....* ##.##..,,,,,*
###.#.#..*
#.####****,******...,<.*********
#.# *,,,,,,,,,..#,,**,,,,,,, #.#
**,*******###,,**,****** #.# ***
*,,**,* #.# *,,**,*


There were no monsters in sight!

Vanquished Creatures
  2 adders (D:2)
  2 worms (D:2)
  2 dart slugs
  3 ball pythons
  3 endoplasms
  A giant cockroach (D:2)
  7 hobgoblins
  3 quokkas
  3 bats
  A frilled lizard (D:1)
  5 goblins
  4 kobolds
  3 rats (D:1)
39 creatures vanquished.

Notes
Turn   | Place    | Note
-------+----------+-------------------------------------------
     0 | D:1      | Priul the Deep Elf Conjurer began the quest for the Orb.
     0 | D:1      | Reached XP level 1. HP: 10/10 MP: 6/6
   335 | D:1      | Reached XP level 2. HP: 10/15 MP: 4/8
   338 | D:1      | Learned a level 2 spell: Searing Ray
   616 | D:1      | Reached skill level 5 in Conjurations
  1188 | D:2      | Reached XP level 3. HP: 19/19 MP: 3/9
  1310 | D:2      | Killed by an exploding quokka... ignited by their inner
                  | flame

Illustrated notes

Levels and vault maps discovered:
D:1:      scummos_arrival_simple_crosswalls, layout_loops_ring
D:2:      layout_loops_ring, hellmonk_ecumenical_altar_zigzags,
          minmay_joined_circles, uniq_crazy_yiuf_cottage

Skill      XL: |  1  2 |
---------------+-------+-----
Conjurations   | 5 |  5.7
Dodging        | |  2.6
Stealth        | |  2.7
Spellcasting   | |  3.6

Action                   || total
-------------------------++-------
Throw: Stone             ||     3
 Cast: Magic Dart        ||    46
       Searing Ray       ||     4
  Use: Scroll            ||     3
       Potion            ||     3
Armor: Robe              ||    16
Dodge: Dodged            ||    37
